 Dungeon Crawl Stone Soup version 0.31-a0-364-gb59cdcccf2 (webtiles) character file.

Game seed: 12007870262209697225

21 Flugkiller the Ruffian (level 2, -2/27 HPs)
             Began as a Naga Shapeshifter on July 27, 2023.
             Slain by an adder (3 damage)
             ... on level 2 of the Dungeon.
             The game lasted 00:01:02 (1137 turns).

Flugkiller the Ruffian (Naga Shapeshifter)          Turns: 1137, Time: 00:01:03

Health: -2/27      AC:  1    Str: 17    XL:     2   Next: 87%
Magic:  2/2        EV:  9    Int:  8    God:
Gold:   54         SH:  0    Dex: 11    Spells: 1/1 levels left

rFire   . .          .
                       - Unarmed
rCold   + . .        (no shield)
rNeg    . . .        a - +0 animal skin
rPois   +            (helmet currently unavailable)
rElec   .            (cloak currently unavailable)
rCorr   .            (gloves currently unavailable)
SInv    +            (no barding)
Will    .....        (no amulet)
Stlth   +            p - ring of protection from cold
HPRegen 0.24/turn    (no ring)
MPRegen 0.08/turn

%: no passive effects
@: short of breath, beast-form, very slow
A: beast (slay +2), AC +0, large, see invisible, deformed body, poison
resistance, slowness 2, spit poison 1, naga tail 1
a: Spit Poison, Begin Untransformation


You were on level 2 of the Dungeon.
You were a hulking beast.
You visited 1 branch of the dungeon, and saw 2 of its levels.

You collected 54 gold pieces.

Inventory:

Armour
 a - a +0 animal skin (worn)
Jewellery
 p - a ring of protection from cold (left hand)
   (You found it on level 1 of the Dungeon)
Talismans
 c - a beast talisman
Scrolls
 r - a scroll of identify
Potions
 b - a potion of lignification
 n - a potion of resistance


   Skills:
 + Level 2.7 Fighting
 - Level 1.5 Dodging
 - Level 3.0 Unarmed Combat
 - Level 3.0 Shapeshifting


You had one spell level left.
You didn't know any spells.
Your spell library contained the following spells:

 Spells                   Type           Power      Damage    Failure   Level
 Call Canine Familiar     Summ           0%         N/A       78%         3
 Dazzling Flash           Conj/Hex       0%         N/A       78%         3
 Portal Projectile        Hex/Tloc       0%         N/A       78%         3
 Leda's Liquefaction      Hex/Erth       0%         N/A       99%         4
 Agony                    Necr           0%         N/A       100%        5
 Silence                  Hex/Air        0%         N/A       100%        5


Dungeon Overview and Level Annotations

Branches:
Dungeon (2/15) Zot: 10498

Altars:


Innate Abilities, Weirdness & Mutations

You are a hulking beast.
Your limbs bulge with bestial killing power. (Slay +2)
Your serpentine skin is tough. (AC +0)
You have supernaturally acute eyesight. (SInv)
Armour fits poorly on your strangely shaped body.
Your system is resistant to poisons. (rPois)
You cover ground very slowly.
You can spit poison.
You have a snake-like lower body.


Message History

The dart slug closely misses you.
You punch the dart slug!
You kill the dart slug!
No target in view!
No target in view!
A quokka comes into view.
A quokka is nearby!
A quokka is nearby!
The quokka barely misses you. The quokka misses you.
You closely miss the quokka. The quokka barely misses you.
You hit the quokka.
The quokka is severely wounded.
The quokka barely misses you.
You closely miss the quokka.
The quokka is severely wounded.
The quokka bites you but does no damage.
You hit the quokka.
You kill the quokka!
You see here a quokka corpse.
A goblin comes into view. It is wielding a +0 dagger.
A goblin is nearby!
A goblin is nearby!
The goblin hits you with a +0 dagger.
You completely miss the goblin. The goblin hits you with a +0 dagger.
You hit the goblin.
You kill the goblin!
No target in view!
No target in view!
No target in view!
You now have 54 gold pieces (gained 9).
Things that are here:
a +0 dagger; a goblin corpse HP restored.
Found a stone staircase leading up.
No target in view!
An endoplasm comes into view.
An endoplasm is nearby!
A gnoll comes into view. It is wielding a +0 spear.
Found 11 gold pieces.
The gnoll moves out of view.
You hit the endoplasm.
You kill the endoplasm!
An adder comes into view.
The adder hisses angrily.
The gnoll hits you from afar with a +0 spear.
A gnoll comes into view. It is wielding a +0 spear.
The gnoll hits you from afar with a +0 spear.
You are too injured to fight recklessly!
A gnoll breaks down the large door.
A gnoll comes into view. It is wielding a +0 flail.
The adder attacks as you move away! The adder closely misses you.
The adder bites you but does no damage.
The gnoll moves out of view.
The adder attacks as you move away! The adder bites you. The adder bites you.
The adder barely misses you. The gnoll closely misses you.
The adder barely misses you.
Okay, then.
As you read the scroll labelled XAUXZO HYWITWA, it crumbles to dust.
It is a scroll of identify.
d - a potion of resistance;
n - a potion of resistance
r - a scroll of identify The adder closely misses you.
The gnoll hits you from afar with a +0 spear.
* * * LOW HITPOINT WARNING * * *
It was a potion of ambrosia.
You are confused.
You feel invigorated. The adder bites you.
The gnoll hits you from afar with a +0 spear.
* * * LOW HITPOINT WARNING * * *
The adder barely misses you. The gnoll barely misses you.
The adder bites you. x2
The gnoll hits you from afar with a +0 spear.
* * * LOW HITPOINT WARNING * * *
The adder bites you but does no damage.
You bump into the rock wall.
You feel less invigorated.
You feel less confused.
The gnoll hits you from afar with a +0 spear.
The adder bites you.
Aiming: Spit Poison (2% risk of failure)
Press: ? - help, Shift-Dir - straight line, f - adder
Aim: an adder (37% to hit)
The splash of poison hits the adder.
The adder is lightly wounded.
The adder bites you.
* * * LOW HITPOINT WARNING * * *
The gnoll barely misses you.
You miss the adder.
The adder is lightly wounded.
The adder bites you.
* * * LOW HITPOINT WARNING * * *
The gnoll hits you from afar with a +0 spear.
* * * LOW HITPOINT WARNING * * *
The adder bites you but does no damage.
You hit the adder.
The adder is severely wounded.
The gnoll closely misses you. The adder bites you.
* * * LOW HITPOINT WARNING * * *
You hit the adder.
The adder is almost dead.
The adder bites you.
You die...

.......''#.#
...........#
...........#
...........#
######.....#
#.....#########
#....g.g......####.#
#....###S..........#
#....# #h#...#######
#....# #.###.#
#....+ ... #.#
#....###.#.#.# +....
#.#.#.# #.# #.# ...
#.#### #.# #....#
####.#


You could see a gnoll and an adder.

Vanquished Creatures
  A dart slug (D:2)
  3 ball pythons (D:1)
  An endoplasm (D:2)
  2 giant cockroaches (D:1)
  3 kobolds (D:1)
  A quokka (D:2)
  2 bats (D:1)
  4 goblins
  2 rats (D:1)
19 creatures vanquished.

Notes
Turn   | Place    | Note
-------+----------+-------------------------------------------
     0 | D:1      | Flugkiller the Naga Shapeshifter began the quest for the
                  | Orb.
     0 | D:1      | Reached XP level 1. HP: 18/18 MP: 1/1
   609 | D:1      | Reached XP level 2. HP: 6/26 MP: 2/2
  1136 | D:2      | HP: 1/27 [adder (3)]
  1137 | D:2      | Slain by an adder

Illustrated notes

Levels and vault maps discovered:
D:1:      evilmike_arrival_crescent, layout_basic
D:2:      layout_basic

Skill      XL: |  1 |
---------------+----+-----
Fighting       | 2 |  2.7
Dodging        | |  1.5
Unarmed Combat | |  3.0
Shapeshifting  | |  3.0

Action                     || total
---------------------------++-------
  Melee: Unarmed           ||    43
         Punch             ||     1
Ability: Spit Poison       ||     3
    Use: Scroll            ||     1
         Potion            ||     1
   Stab: Sleeping          ||     1
 Armour: Animal skin       ||     8
  Dodge: Dodged            ||    34

Table legend: (Time is in decaauts)
 A = Elapsed time spent in this place.
 B = Non-inter-level travel time spent in this place.
 C = Inter-level travel time spent in this place.
 D = Time resting spent in this place.
 E = Time spent auto-exploring this place.
 F = Levels seen in this place.
 G = Mean time per level.
                   A        B        C        D        E       F      G
               +--------+--------+--------+--------+--------+-----+--------+
         Total |   1500 |   1430 |     70 |    149 |   1118 |   2 |  750.0 |
       Dungeon |   1500 |   1430 |     70 |    149 |   1118 |   2 |  750.0 |
               +--------+--------+--------+--------+--------+-----+--------+

Top non-repeatable levels by time:
     D:1: 1381 daAuts
     D:2: 118 daAuts
